ESL (28 & UNDER)
RIO GRANDE RATTLESNAKE @ BUFFALO LIGHTSABRES
05/16/2030
 
TOP OF THE 1ST
Rio Grande Rattlesnake batting - Pitching for Buffalo LightSabres : RHP Dan Jones
Pitching: RHP Dan Jones
Batting: LHB José Garza 0-0: Bunt for hit - play at first, batter safe!
Batting: RHB Matt Dickson 0-0: Grounds into double play, 5-4-3 (Groundball, 5)
Batting: RHB Jeff Bane 0-0: Ball
1-0: Foul Ball, location: 2F
1-1: Ball
2-1: Foul Ball, location: 2F
2-2: Ball
3-2: Strikes out swinging
Top of the 1st over - 0 runs, 1 hit, 0 errors, 0 left on base; Rio Grande 0 - Buffalo 0
BOTTOM OF THE 1ST
Buffalo LightSabres batting - Pitching for Rio Grande Rattlesnake : RHP Alejandro Guzmán
Pitching: RHP Alejandro Guzmán
Batting: RHB Sean King 0-0: Called Strike
0-1: Ball
1-1: Foul Ball, location: 2F
1-2: Strikes out looking
Batting: LHB Tim Griffith 0-0: SINGLE (Groundball, 6) (infield hit)
Batting: RHB Augusto Padilla 0-0: Grounds into double play, 6-4-3 (Groundball, 6)
Bottom of the 1st over - 0 runs, 1 hit, 0 errors, 0 left on base; Rio Grande 0 - Buffalo 0
TOP OF THE 2ND
Rio Grande Rattlesnake batting - Pitching for Buffalo LightSabres : RHP Dan Jones
Batting: LHB Claudio Rodríguez 0-0: Ball
1-0: Ball
2-0: Ball
3-0: Base on Balls
Batting: RHB Gary Thomas 0-0: Ball
1-0: Grounds into double play, 5-4-3 (Groundball, 5)
Batting: SHB Arnold Moore 0-0: Called Strike
0-1: Ball
1-1: Fly out, F9 (Flyball, 9LM)
Top of the 2nd over - 0 runs, 0 hits, 0 errors, 0 left on base; Rio Grande 0 - Buffalo 0
BOTTOM OF THE 2ND
Buffalo LightSabres batting - Pitching for Rio Grande Rattlesnake : RHP Alejandro Guzmán
Batting: LHB Garrett King 0-0: Foul Ball, location: 2F
0-1: Ball
1-1: Called Strike
1-2: Foul Ball, location: 2F
1-2: Strikes out looking
Batting: RHB Brad Ravenshaw 0-0: Ball
1-0: Ball
2-0: Swinging Strike
2-1: Foul Ball, location: 2F
2-2: Strikes out swinging
Batting: LHB Rob Davidson 0-0: Called Strike
0-1: Ball
1-1: Ball
2-1: Ball
3-1: Base on Balls
Batting: RHB Pat McDonald 0-0: SINGLE (Line Drive, 6D)
Rob Davidson to second
Runner from 2nd tries for 3rd, SAFE, no throw
Batting: LHB Sergio Luna 0-0: Ball
1-0: Foul Ball, location: 2F
1-1: Ball
2-1: Called Strike
2-2: Strikes out swinging
Bottom of the 2nd over - 0 runs, 1 hit, 0 errors, 2 left on base; Rio Grande 0 - Buffalo 0
TOP OF THE 3RD
Rio Grande Rattlesnake batting - Pitching for Buffalo LightSabres : RHP Dan Jones
Batting: RHB David Suarze 0-0: Foul Ball, location: 2F
0-1: Foul Ball, location: 2F
0-2: Ground out 5-3 (Groundball, 5)
Batting: LHB Pedro Díaz 0-0: Called Strike
0-1: Swinging Strike
0-2: Ball
1-2: Ball
2-2: Ball
3-2: Fly out, F8 (Flyball, 8RD)
Batting: RHB Derek Hartman 0-0: Ball
1-0: Ground out 5-3 (Groundball, 5)
Top of the 3rd over - 0 runs, 0 hits, 0 errors, 0 left on base; Rio Grande 0 - Buffalo 0
BOTTOM OF THE 3RD
Buffalo LightSabres batting - Pitching for Rio Grande Rattlesnake : RHP Alejandro Guzmán
Batting: LHB Júlio Córdova 0-0: Ball
1-0: SINGLE (Groundball, 4D)
Batting: RHB Sean King 0-0: Ball
1-0: Foul Ball, location: 2F
1-1: Ball
2-1: Ball
3-1: Swinging Strike
3-2: Foul Ball, location: 2F
3-2: Strikes out swinging
Batting: LHB Tim Griffith 0-0: Called Strike
0-1: Ball
1-1: Ground out 6-3 (Groundball, 56D)
Júlio Córdova to second
Batting: RHB Augusto Padilla 0-0: Ball
1-0: Foul Ball, location: 2F
1-1: Called Strike
1-2: Ball
2-2: Ball
3-2: Ground out 6-3 (Groundball, 6)
Bottom of the 3rd over - 0 runs, 1 hit, 0 errors, 1 left on base; Rio Grande 0 - Buffalo 0
TOP OF THE 4TH
Rio Grande Rattlesnake batting - Pitching for Buffalo LightSabres : RHP Dan Jones
Batting: LHB José Garza 0-0: Ball
1-0: Ground out 6-3 (Groundball, 6)
Batting: RHB Matt Dickson 0-0: Foul Ball, location: 2F
0-1: Foul Ball, location: 2F
0-2: Reached on error, E5 (Groundball, 56)
Batting: RHB Jeff Bane 0-0: Swinging Strike
0-1: DOUBLE (Line Drive, 8RD)
Matt Dickson to third
Batting: LHB Claudio Rodríguez 0-0: Fly out, F9 (Flyball, 9LSF)
Runner from 3rd tags up, SCORES, no throw
Batting: RHB Gary Thomas 0-0: Called Strike
0-1: Foul Ball, location: 2F
0-2: Foul Ball, location: 2F
0-2: Foul Ball, location: 2F
0-2: Ball
1-2: Ball
2-2: 2-RUN HOME RUN (Flyball, 7LD), Distance : 364 ft
Batting: SHB Arnold Moore 0-0: Ball
1-0: Ground out 6-3 (Groundball, 6M)
Top of the 4th over - 3 runs, 2 hits, 1 error, 0 left on base; Rio Grande 3 - Buffalo 0
BOTTOM OF THE 4TH
Buffalo LightSabres batting - Pitching for Rio Grande Rattlesnake : RHP Alejandro Guzmán
Batting: LHB Garrett King 0-0: Called Strike
0-1: Ball
1-1: Ball
2-1: Foul Ball, location: 2F
2-2: Strikes out swinging
Batting: RHB Brad Ravenshaw 0-0: Ball
1-0: Ball
2-0: Ball
3-0: Called Strike
3-1: Swinging Strike
3-2: Ground out 6-3 (Groundball, 6)
Batting: LHB Rob Davidson 0-0: Foul Ball, location: 2F
0-1: Ball
1-1: Ball
2-1: Ball
3-1: Base on Balls
Batting: RHB Pat McDonald 0-0: Called Strike
0-1: Ball
1-1: Ball
2-1: Swinging Strike
2-2: Strikes out swinging
Bottom of the 4th over - 0 runs, 0 hits, 0 errors, 1 left on base; Rio Grande 3 - Buffalo 0
TOP OF THE 5TH
Rio Grande Rattlesnake batting - Pitching for Buffalo LightSabres : RHP Dan Jones
Batting: RHB David Suarze 0-0: Ball
1-0: Called Strike
1-1: Ball
2-1: Called Strike
2-2: Fly out, F3 (Popup, 3S)
Batting: LHB Pedro Díaz 0-0: Ball
1-0: Called Strike
1-1: Ground out 4-3 (Groundball, 4)
Batting: RHB Derek Hartman 0-0: Foul Ball, location: 2F
0-1: Foul Ball, location: 2F
0-2: Ball
1-2: Ball
2-2: Strikes out looking
Top of the 5th over - 0 runs, 0 hits, 0 errors, 0 left on base; Rio Grande 3 - Buffalo 0
BOTTOM OF THE 5TH
Buffalo LightSabres batting - Pitching for Rio Grande Rattlesnake : RHP Alejandro Guzmán
Batting: LHB Sergio Luna 0-0: Foul Ball, location: 2F
0-1: Ball
1-1: Ground out 4-3 (Groundball, 4D)
Batting: LHB Júlio Córdova 0-0: Ball
1-0: SINGLE (Groundball, 4MD)
Batting: RHB Sean King 0-0: Called Strike
0-1: Ball
1-1: Foul Ball, location: 2F
1-2: Ball
2-2: Ball
3-2: Strikes out swinging
Júlio Córdova is caught stealing 2nd base
Batter strikes out.
Bottom of the 5th over - 0 runs, 1 hit, 0 errors, 0 left on base; Rio Grande 3 - Buffalo 0
TOP OF THE 6TH
Rio Grande Rattlesnake batting - Pitching for Buffalo LightSabres : RHP Dan Jones
Batting: LHB José Garza 0-0: Ball
1-0: Called Strike
1-1: SINGLE (Groundball, 56D)
Batting: RHB Matt Dickson 0-0: Swinging Strike
José Garza steals 2nd base
0-1: Ball
1-1: Fly out, F9 (Flyball, 9S)
Batting: RHB Jeff Bane 0-0: Ball
1-0: TRIPLE (Flyball, 8RXD)
José Garza scores
Batting: LHB Claudio Rodríguez 0-0: Ball
1-0: Called Strike
1-1: Ball
2-1: Foul Ball, location: 2F
2-2: Fly out, F7 (Flyball, 78M)
Runner from 3rd tags up, OUT at HOME
Top of the 6th over - 1 run, 2 hits, 0 errors, 0 left on base; Rio Grande 4 - Buffalo 0
BOTTOM OF THE 6TH
Buffalo LightSabres batting - Pitching for Rio Grande Rattlesnake : RHP Alejandro Guzmán
Batting: LHB Tim Griffith 0-0: Ball
1-0: Ball
2-0: Ball
3-0: Base on Balls
Batting: RHB Augusto Padilla 0-0: Swinging Strike
0-1: Ball
1-1: Foul Ball, location: 2F
1-2: Foul Ball, location: 2F
1-2: Fielders Choice at 2nd, 6-4 (Groundball, 6)
Batting: LHB Garrett King 0-0: Called Strike
Augusto Padilla steals 2nd base
0-1: Ball
1-1: Swinging Strike
1-2: Ground out 4-3 (Groundball, 4)
Augusto Padilla to third
Batting: RHB Brad Ravenshaw 0-0: Ball
1-0: Swinging Strike
1-1: Ball
2-1: Fly out, F8 (Flyball, 8RM)
Bottom of the 6th over - 0 runs, 0 hits, 0 errors, 1 left on base; Rio Grande 4 - Buffalo 0
TOP OF THE 7TH
Rio Grande Rattlesnake batting - Pitching for Buffalo LightSabres : RHP Dan Jones
Batting: RHB Gary Thomas 0-0: Called Strike
0-1: Ball
1-1: Swinging Strike
1-2: Ball
2-2: Ball
3-2: Fly out, F6 (Line Drive, 4M)
Batting: SHB Arnold Moore 0-0: Swinging Strike
0-1: Swinging Strike
0-2: Ball
1-2: Ground out 6-3 (Groundball, 6M)
Batting: RHB David Suarze 0-0: Called Strike
0-1: Foul Ball, location: 2F
0-2: Ball
1-2: Strikes out looking
Top of the 7th over - 0 runs, 0 hits, 0 errors, 0 left on base; Rio Grande 4 - Buffalo 0
BOTTOM OF THE 7TH
Buffalo LightSabres batting - Pitching for Rio Grande Rattlesnake : RHP Alejandro Guzmán
Batting: LHB Rob Davidson 0-0: Ground out 1-3 (Groundball, 13)
Batting: RHB Pat McDonald 0-0: Ball
1-0: Swinging Strike
1-1: Fly out, F7 (Line Drive, 7D)
Batting: LHB Sergio Luna 0-0: Foul Ball, location: 2F
0-1: Ground out 6-3 (Groundball, 6)
Bottom of the 7th over - 0 runs, 0 hits, 0 errors, 0 left on base; Rio Grande 4 - Buffalo 0
TOP OF THE 8TH
Rio Grande Rattlesnake batting - Pitching for Buffalo LightSabres : RHP Dan Jones
Batting: LHB Pedro Díaz 0-0: Ball
1-0: Ball
2-0: Ball
3-0: Called Strike
3-1: Ground out 3-1 (Groundball, 34)
Batting: RHB Derek Hartman 0-0: Called Strike
0-1: Ball
1-1: Ground out 1-3 (Groundball, 15)
Batting: LHB José Garza 0-0: Ball
1-0: Foul Ball, location: 2F
1-1: Called Strike
1-2: SINGLE (Groundball, 56D)
Batting: RHB Matt Dickson 0-0: Ball
1-0: Ball
José Garza steals 2nd base
2-0: Foul Ball, location: 2F
2-1: SINGLE (Groundball, 56D)
José Garza to third
Runner from 3rd tries for Home, SAFE, throw made home
Pitching: RHP Travis Whitney
Now in LF: John Warren
Batting: RHB Jeff Bane 0-0: Ball
1-0: Foul Ball, location: 2F
1-1: Ball
2-1: Ball
3-1: Foul Ball, location: 2F
3-2: Foul Ball, location: 2F
3-2: Base on Balls
Matt Dickson to second
Batting: LHB Claudio Rodríguez 0-0: Called Strike
0-1: SINGLE (Groundball, 6D)
Matt Dickson to third
Jeff Bane to second
Runner from 3rd tries for Home, SAFE, no throw
Batting: RHB Gary Thomas 0-0: Called Strike
0-1: Foul Ball, location: 2F
0-2: Ball
1-2: Strikes out swinging
Top of the 8th over - 2 runs, 3 hits, 0 errors, 2 left on base; Rio Grande 6 - Buffalo 0
BOTTOM OF THE 8TH
Buffalo LightSabres batting - Pitching for Rio Grande Rattlesnake : RHP Alejandro Guzmán
Pitching: RHP Sterling Caldwell
Batting: LHB Júlio Córdova 0-0: Ball
1-0: Ball
2-0: DOUBLE (Line Drive, 7LM)
Batting: RHB Sean King 0-0: Ball
1-0: Swinging Strike
1-1: 2-RUN HOME RUN (Flyball, 78XD), Distance : 416 ft
Pitching: RHP Myron Burgess
Batting: LHB Tim Griffith 0-0: Ball
1-0: Fly out, F7 (Flyball, 7D)
Batting: RHB Augusto Padilla 0-0: Ball
1-0: Swinging Strike
1-1: Ball
2-1: Swinging Strike
2-2: Strikes out swinging
Batting: LHB Garrett King 0-0: Called Strike
0-1: Swinging Strike
0-2: Ball
1-2: Ball
2-2: Strikes out swinging, 2-3 out at first.
Bottom of the 8th over - 2 runs, 2 hits, 0 errors, 0 left on base; Rio Grande 6 - Buffalo 2
TOP OF THE 9TH
Rio Grande Rattlesnake batting - Pitching for Buffalo LightSabres : RHP Travis Whitney
Batting: SHB Arnold Moore 0-0: Foul Ball, location: 2F
0-1: Called Strike
0-2: Foul Ball, location: 2F
0-2: Ball
1-2: Foul Ball, location: 2F
1-2: SINGLE (Line Drive, 56D)
Batting: RHB David Suarze 0-0: Ball
1-0: Foul Ball, location: 2F
1-1: Foul Ball, location: 2F
1-2: Ball
2-2: Ball
3-2: Foul Ball, location: 2F
3-2: Base on Balls
Arnold Moore to second
Pitching: LHP Tom Workman
Batting: LHB Pedro Díaz 0-0: Ball
1-0: Ball
2-0: Ball
3-0: Base on Balls
Arnold Moore to third
David Suarze to second
Pitching: RHP Dylan Versluis
Batting: RHB Derek Hartman 0-0: Ball
1-0: DOUBLE (Flyball, 78D)
Arnold Moore scores
David Suarze scores
Pedro Díaz to third
Runner from 3rd tries for Home, SAFE, no throw
Batting: LHB José Garza 0-0: Ball
1-0: Called Strike
1-1: Swinging Strike
1-2: Foul Ball, location: 2F
1-2: Ball
2-2: Strikes out swinging
Batting: RHB Matt Dickson 0-0: Swinging Strike
0-1: Ground out 1-3 (Groundball, 13S)
Derek Hartman to third
Batting: RHB Jeff Bane 0-0: Ball
Wild Pitch!
Derek Hartman scores
1-0: Swinging Strike
1-1: Foul Ball, location: 2F
1-2: Ball
2-2: Fly out, F3 (Popup, 34S)
Top of the 9th over - 4 runs, 2 hits, 0 errors, 0 left on base; Rio Grande 10 - Buffalo 2
BOTTOM OF THE 9TH
Buffalo LightSabres batting - Pitching for Rio Grande Rattlesnake : RHP Myron Burgess
Now at C: Cristián Román
Now at SS: Geomar Dalsoglio
Now in RF: Justin Holland
Batting: RHB Brad Ravenshaw 0-0: Called Strike
0-1: Called Strike
0-2: Ball
1-2: Fly out, F7 (Flyball, 7)
Batting: LHB Rob Davidson 0-0: Swinging Strike
0-1: Ball
1-1: Swinging Strike
1-2: Foul Ball, location: 2F
1-2: Ball
2-2: Ball
3-2: DOUBLE (Groundball, 3L)
Batting: RHB Pat McDonald 0-0: Called Strike
0-1: Ball
1-1: Ball
2-1: Ball
3-1: SINGLE (Line Drive, 6M)
Rob Davidson to third
Batting: RHB John Warren 0-0: Ball
1-0: Called Strike
Pickoff Throw by Catcher to First - Out!
1-1: Ball
2-1: Ground out 1-3 (Groundball, 13)
Bottom of the 9th over - 0 runs, 2 hits, 0 errors, 1 left on base; Rio Grande 10 - Buffalo 2
Saturday, April 7th, 2018 - OOTP Baseball 18.8 Build 76